Workbook

Sheet conso
A1: Période | D1: A engl | E1: B fr | F1: 1
A2: 5 | B2: GROSS SALES | C2: Ventes Totales | D2: =IF($B2="","",INDEX('A engl'!$A$2:$J$33,MATCH(conso!B2,'A engl'!$A$2:$A$33,0),$A$2+1)) -> 39246045 | E2: =IF($C2="","",INDEX('B fr'!$A$2:$J$33,MATCH(conso!C2,'B fr'!$A$2:$A$33,0),$A$2+1)) -> 3.353942e+08 | F2: 2
B3: REBATES | C3: Remises Totales | D3: =IF($B3="","",INDEX('A engl'!$A$2:$J$33,MATCH(conso!B3,'A engl'!$A$2:$A$33,0),$A$2+1)) -> 2109276.7 | E3: =IF($C3="","",INDEX('B fr'!$A$2:$J$33,MATCH(conso!C3,'B fr'!$A$2:$A$33,0),$A$2+1)) -> 8991223.5 | F3: 3
D4: =IF($B4="","",INDEX('A engl'!$A$2:$J$33,MATCH(conso!B4,'A engl'!$A$2:$A$33,0),$A$2+1)) | E4: =IF($C4="","",INDEX('B fr'!$A$2:$J$33,MATCH(conso!C4,'B fr'!$A$2:$A$33,0),$A$2+1)) | F4: 4
B5: NET SALES | C5: Ventes Nettes | D5: =IF($B5="","",INDEX('A engl'!$A$2:$J$33,MATCH(conso!B5,'A engl'!$A$2:$A$33,0),$A$2+1)) -> 37136769 | E5: =IF($C5="","",INDEX('B fr'!$A$2:$J$33,MATCH(conso!C5,'B fr'!$A$2:$A$33,0),$A$2+1)) -> 3.2640297e+08 | F5: 5
D6: =IF($B6="","",INDEX('A engl'!$A$2:$J$33,MATCH(conso!B6,'A engl'!$A$2:$A$33,0),$A$2+1)) | E6: =IF($C6="","",INDEX('B fr'!$A$2:$J$33,MATCH(conso!C6,'B fr'!$A$2:$A$33,0),$A$2+1)) | F6: 6
B7: COST OF GOODS SOLD | C7: Coût des Marchandises Vendues | D7: =IF($B7="","",INDEX('A engl'!$A$2:$J$33,MATCH(conso!B7,'A engl'!$A$2:$A$33,0),$A$2+1)) -> 33986213 | E7: =IF($C7="","",INDEX('B fr'!$A$2:$J$33,MATCH(conso!C7,'B fr'!$A$2:$A$33,0),$A$2+1)) -> 3.3024572e+08 | F7: 7
B8: VOLUME REBATES | C8: Total des Remises des Fournisseurs | D8: =IF($B8="","",INDEX('A engl'!$A$2:$J$33,MATCH(conso!B8,'A engl'!$A$2:$A$33,0),$A$2+1)) -> 1057286.1 | E8: =IF($C8="","",INDEX('B fr'!$A$2:$J$33,MATCH(conso!C8,'B fr'!$A$2:$A$33,0),$A$2+1)) -> 22192296 | F8: 8
D9: =IF($B9="","",INDEX('A engl'!$A$2:$J$33,MATCH(conso!B9,'A engl'!$A$2:$A$33,0),$A$2+1)) | E9: =IF($C9="","",INDEX('B fr'!$A$2:$J$33,MATCH(conso!C9,'B fr'!$A$2:$A$33,0),$A$2+1)) | F9: 9
B10: GROSS PROFIT | C10: Bénéfice Brut | D10: =IF($B10="","",INDEX('A engl'!$A$2:$J$33,MATCH(conso!B10,'A engl'!$A$2:$A$33,0),$A$2+1)) -> 4207841.6 | E10: =IF($C10="","",INDEX('B fr'!$A$2:$J$33,MATCH(conso!C10,'B fr'!$A$2:$A$33,0),$A$2+1)) -> 18349555 | F10: 10
D11: =IF($B11="","",INDEX('A engl'!$A$2:$J$33,MATCH(conso!B11,'A engl'!$A$2:$A$33,0),$A$2+1)) | E11: =IF($C11="","",INDEX('B fr'!$A$2:$J$33,MATCH(conso!C11,'B fr'!$A$2:$A$33,0),$A$2+1)) | F11: 11
B12: SALES EXPENSE | D12: =IF($B12="","",INDEX('A engl'!$A$2:$J$33,MATCH(conso!B12,'A engl'!$A$2:$A$33,0),$A$2+1)) -> 314755.15 | E12: =IF($C12="","",INDEX('B fr'!$A$2:$J$33,MATCH(conso!C12,'B fr'!$A$2:$A$33,0),$A$2+1)) | F12: 12
B13: WAREHOUSE EXPENSES | D13: =IF($B13="","",INDEX('A engl'!$A$2:$J$33,MATCH(conso!B13,'A engl'!$A$2:$A$33,0),$A$2+1)) -> 898134.45 | E13: =IF($C13="","",INDEX('B fr'!$A$2:$J$33,MATCH(conso!C13,'B fr'!$A$2:$A$33,0),$A$2+1)) | F13: 13
B14: DELIVERY EXPENSE | D14: =IF($B14="","",INDEX('A engl'!$A$2:$J$33,MATCH(conso!B14,'A engl'!$A$2:$A$33,0),$A$2+1)) -> 1229956.5 | E14: =IF($C14="","",INDEX('B fr'!$A$2:$J$33,MATCH(conso!C14,'B fr'!$A$2:$A$33,0),$A$2+1))
B15: OCCUPANCY | D15: =IF($B15="","",INDEX('A engl'!$A$2:$J$33,MATCH(conso!B15,'A engl'!$A$2:$A$33,0),$A$2+1)) -> 488890.97 | E15: =IF($C15="","",INDEX('B fr'!$A$2:$J$33,MATCH(conso!C15,'B fr'!$A$2:$A$33,0),$A$2+1))
B16: GENERAL EXPENSES | D16: =IF($B16="","",INDEX('A engl'!$A$2:$J$33,MATCH(conso!B16,'A engl'!$A$2:$A$33,0),$A$2+1)) -> 186114.48 | E16: =IF($C16="","",INDEX('B fr'!$A$2:$J$33,MATCH(conso!C16,'B fr'!$A$2:$A$33,0),$A$2+1))
B17: INVENTORY CONTROL | D17: =IF($B17="","",INDEX('A engl'!$A$2:$J$33,MATCH(conso!B17,'A engl'!$A$2:$A$33,0),$A$2+1)) -> 25403.11 | E17: =IF($C17="","",INDEX('B fr'!$A$2:$J$33,MATCH(conso!C17,'B fr'!$A$2:$A$33,0),$A$2+1))
B18: FUTURE PENSION EXP. | D18: =IF($B18="","",INDEX('A engl'!$A$2:$J$33,MATCH(conso!B18,'A engl'!$A$2:$A$33,0),$A$2+1)) -> 0 | E18: =IF($C18="","",INDEX('B fr'!$A$2:$J$33,MATCH(conso!C18,'B fr'!$A$2:$A$33,0),$A$2+1))
D19: =IF($B19="","",INDEX('A engl'!$A$2:$J$33,MATCH(conso!B19,'A engl'!$A$2:$A$33,0),$A$2+1)) | E19: =IF($C19="","",INDEX('B fr'!$A$2:$J$33,MATCH(conso!C19,'B fr'!$A$2:$A$33,0),$A$2+1))
B20: OPERATING EXPENSES | C20: Frais Vente et Distribution | D20: =IF($B20="","",INDEX('A engl'!$A$2:$J$33,MATCH(conso!B20,'A engl'!$A$2:$A$33,0),$A$2+1)) -> 3143254.6 | E20: =IF($C20="","",INDEX('B fr'!$A$2:$J$33,MATCH(conso!C20,'B fr'!$A$2:$A$33,0),$A$2+1)) -> 5640832.8
D21: =IF($B21="","",INDEX('A engl'!$A$2:$J$33,MATCH(conso!B21,'A engl'!$A$2:$A$33,0),$A$2+1)) | E21: =IF($C21="","",INDEX('B fr'!$A$2:$J$33,MATCH(conso!C21,'B fr'!$A$2:$A$33,0),$A$2+1))
B22: NET BEFORE F&A | D22: =IF($B22="","",INDEX('A engl'!$A$2:$J$33,MATCH(conso!B22,'A engl'!$A$2:$A$33,0),$A$2+1)) -> 1064587 | E22: =IF($C22="","",INDEX('B fr'!$A$2:$J$33,MATCH(conso!C22,'B fr'!$A$2:$A$33,0),$A$2+1))
D23: =IF($B23="","",INDEX('A engl'!$A$2:$J$33,MATCH(conso!B23,'A engl'!$A$2:$A$33,0),$A$2+1)) | E23: =IF($C23="","",INDEX('B fr'!$A$2:$J$33,MATCH(conso!C23,'B fr'!$A$2:$A$33,0),$A$2+1))
B24: AUDIT/LEGAL | D24: =IF($B24="","",INDEX('A engl'!$A$2:$J$33,MATCH(conso!B24,'A engl'!$A$2:$A$33,0),$A$2+1)) -> 5769.23 | E24: =IF($C24="","",INDEX('B fr'!$A$2:$J$33,MATCH(conso!C24,'B fr'!$A$2:$A$33,0),$A$2+1))
B25: INFORMATION SYSTEM | D25: =IF($B25="","",INDEX('A engl'!$A$2:$J$33,MATCH(conso!B25,'A engl'!$A$2:$A$33,0),$A$2+1)) -> 79626.75 | E25: =IF($C25="","",INDEX('B fr'!$A$2:$J$33,MATCH(conso!C25,'B fr'!$A$2:$A$33,0),$A$2+1))
B26: ACCOUNTING | D26: =IF($B26="","",INDEX('A engl'!$A$2:$J$33,MATCH(conso!B26,'A engl'!$A$2:$A$33,0),$A$2+1)) -> 51236.86 | E26: =IF($C26="","",INDEX('B fr'!$A$2:$J$33,MATCH(conso!C26,'B fr'!$A$2:$A$33,0),$A$2+1))
B27: SUPPORT SERVICES | D27: =IF($B27="","",INDEX('A engl'!$A$2:$J$33,MATCH(conso!B27,'A engl'!$A$2:$A$33,0),$A$2+1)) -> 65720.07 | E27: =IF($C27="","",INDEX('B fr'!$A$2:$J$33,MATCH(conso!C27,'B fr'!$A$2:$A$33,0),$A$2+1))
B28: PURCHASING | D28: =IF($B28="","",INDEX('A engl'!$A$2:$J$33,MATCH(conso!B28,'A engl'!$A$2:$A$33,0),$A$2+1)) -> 110281.57 | E28: =IF($C28="","",INDEX('B fr'!$A$2:$J$33,MATCH(conso!C28,'B fr'!$A$2:$A$33,0),$A$2+1))
B29: MANAGEMENT | D29: =IF($B29="","",INDEX('A engl'!$A$2:$J$33,MATCH(conso!B29,'A engl'!$A$2:$A$33,0),$A$2+1)) -> 94688.89 | E29: =IF($C29="","",INDEX('B fr'!$A$2:$J$33,MATCH(conso!C29,'B fr'!$A$2:$A$33,0),$A$2+1))
D30: =IF($B30="","",INDEX('A engl'!$A$2:$J$33,MATCH(conso!B30,'A engl'!$A$2:$A$33,0),$A$2+1)) | E30: =IF($C30="","",INDEX('B fr'!$A$2:$J$33,MATCH(conso!C30,'B fr'!$A$2:$A$33,0),$A$2+1))
B31: TOTAL FIN &ADM | C31: Frais d'Administration | D31: =IF($B31="","",INDEX('A engl'!$A$2:$J$33,MATCH(conso!B31,'A engl'!$A$2:$A$33,0),$A$2+1)) -> 407323.37 | E31: =IF($C31="","",INDEX('B fr'!$A$2:$J$33,MATCH(conso!C31,'B fr'!$A$2:$A$33,0),$A$2+1)) -> 973376
D32: =IF($B32="","",INDEX('A engl'!$A$2:$J$33,MATCH(conso!B32,'A engl'!$A$2:$A$33,0),$A$2+1)) | E32: =IF($C32="","",INDEX('B fr'!$A$2:$J$33,MATCH(conso!C32,'B fr'!$A$2:$A$33,0),$A$2+1))
B33: EBITDA | C33: Bénéfice Avant Fr. Fin. Et Amort. | D33: =IF($B33="","",INDEX('A engl'!$A$2:$J$33,MATCH(conso!B33,'A engl'!$A$2:$A$33,0),$A$2+1)) -> 657263.6 | E33: =IF($C33="","",INDEX('B fr'!$A$2:$J$33,MATCH(conso!C33,'B fr'!$A$2:$A$33,0),$A$2+1)) -> 11735346

Sheet A engl
B1: P1 | C1: P2 | D1: P3 | E1: P4 | F1: P5 | G1: P6 | H1: P7 | I1: P8 | J1: P9
A2: GROSS SALES | B2: =35132078.66 -> 35132079 | C2: 37825628 | D2: 36904065 | E2: 36558791 | F2: 39246045 | G2: 36300313 | H2: 46093979 | I2: 45208741 | J2: 48479982
A3: REBATES | B3: 1905134.6 | C3: 2038458.8 | D3: 1990821.8 | E3: 1974055.6 | F3: 2109276.7 | G3: 1873971.8 | H3: 1984956.8 | I3: 1938458.1 | J3: 2139474.3
A5: NET SALES | B5: 33226944 | C5: 35787169 | D5: 34913243 | E5: 34584735 | F5: 37136769 | G5: 34426341 | H5: 44109022 | I5: 43270283 | J5: 46340508
A7: COST OF GOODS SOLD | B7: 30372457 | C7: 32754605 | D7: 31582948 | E7: 31614869 | F7: 33986213 | G7: 31353765 | H7: 40348035 | I7: 39581948 | J7: 42387704
A8: VOLUME REBATES | B8: 796833.31 | C8: 971595.18 | D8: 952778.39 | E8: 978555.14 | F8: 1057286.1 | G8: 1278291.6 | H8: 1218346.4 | I8: 1370612.9 | J8: 1250617.6
A10: GROSS PROFIT | B10: 3651320.7 | C10: 4004159.4 | D10: 4283073.3 | E10: 3948421.7 | F10: 4207841.6 | G10: 4350867.1 | H10: 4979333.3 | I10: 5058948.6 | J10: 5203421.4
A12: SALES EXPENSE | B12: 290558.41 | C12: 302945.59 | D12: 305733.66 | E12: 309817.37 | F12: 314755.15 | G12: 306353.14 | H12: 402034.53 | I12: 400858.43 | J12: 375790.43
A13: WAREHOUSE EXPENSES | B13: 872159.94 | C13: 930206.55 | D13: 918567.78 | E13: 905191.15 | F13: 898134.45 | G13: 904473.82 | H13: 1039698.6 | I13: 1056475 | J13: 1080793.9
A14: DELIVERY EXPENSE | B14: 1222117.2 | C14: 1251960.7 | D14: 1226356.7 | E14: 1249881.4 | F14: 1229956.5 | G14: 1199313.8 | H14: 1453965.9 | I14: 1470871.4 | J14: 1497155.4
A15: OCCUPANCY | B15: 511538.54 | C15: 491023.23 | D15: 509666.32 | E15: 504232 | F15: 488890.97 | G15: 523156.59 | H15: 629699.1 | I15: 662653.67 | J15: 604687.01
A16: GENERAL EXPENSES | B16: 156499.98 | C16: 164330.74 | D16: 131984.64 | E16: 127800.71 | F16: 186114.48 | G16: 117668.88 | H16: 199181.97 | I16: 195469.74 | J16: 181471.61
A17: INVENTORY CONTROL | B17: 26730.48 | C17: 26863.83 | D17: 24701.69 | E17: 24393.95 | F17: 25403.11 | G17: 24882.88 | H17: 33087.96 | I17: 33127.91 | J17: 33309.17
A18: FUTURE PENSION EXP. | B18: 0 | C18: 0 | D18: 0 | E18: 0 | F18: 0 | G18: 0 | H18: 0 | I18: 0 | J18: 0
... A33: EBITDA | B33: 168943.76 | C33: 400943.79 | D33: 865087.31 | E33: 430805.71 | F33: 657263.6 | G33: 863186.66 | H33: 735744.77 | I33: 731435.6 | J33: 981830.02

Sheet B fr
B1: 1 | C1: 2 | D1: 3 | E1: 4 | F1: 5 | G1: 6 | H1: 7 | I1: 8 | J1: 9
A2: Ventes Entrepôt | D2: 79317610 | E2: 1.5754476e+08 | F2: 182106585 | G2: 2.0496827e+08 | H2: 2.2638657e+08 | I2: 2.5554107e+08 | J2: 2.8500803e+08
A3: Note de Crédit Entrepôt | D3: -321340.23 | E3: -552339.84 | F3: -610075.23 | G3: -679534.33 | H3: -892559.99 | I3: -951222.75 | J3: -1005036.9
A4: Ventes Entrepôt Totales | D4: 78996270 | E4: 1.5699242e+08 | F4: 1.8149651e+08 | G4: 2.0428873e+08 | H4: 2.2549401e+08 | I4: 2.5458985e+08 | J4: 2.8400299e+08
A6: Livraisons des Manufacturiers | D6: 68620881 | E6: 1.3438997e+08 | F6: 1.5389769e+08 | G6: 1.7364311e+08 | H6: 1.9339714e+08 | I6: 2.1191784e+08 | J6: 2.3163101e+08
A7: Ventes Totales | D7: 1.4761715e+08 | E7: 2.9138239e+08 | F7: 3.353942e+08 | G7: 3.7793185e+08 | H7: 4.1889116e+08 | I7: 4.6650769e+08 | J7: 5.15634e+08
A9: Remises Investissements Colabor | D9: 3688001.4 | E9: 7218964.8 | F9: 8304396.9 | G9: 9389048.7 | H9: 10457691 | I9: 11704817 | J9: 12964048
A10: Remises Autres | D10: 283950.17 | E10: 569928.93 | F10: 686826.58 | G10: 667344.56 | H10: 762264.26 | I10: 846685.43 | J10: 938244.87
A11: Remises Totales | D11: 3971951.5 | E11: 7788893.8 | F11: 8991223.5 | G11: 10056393 | H11: 11219955 | I11: 12551502 | J11: 13902293
A13: Ventes Nettes | D13: 1.436452e+08 | E13: 2.8359349e+08 | F13: 3.2640297e+08 | G13: 3.6787545e+08 | H13: 4.076712e+08 | I13: 4.5395619e+08 | J13: 5.017317e+08
A16: Coût des Marchandises Vendues | D16: 1.455938e+08 | E16: 2.8697841e+08 | F16: 3.3024572e+08 | G16: 3.720496e+08 | H16: 4.1268445e+08 | I16: 4.5952115e+08 | J16: 5.0769526e+08
A18: Fonds Publicitaires | D18: 333787.96 | E18: 621527.9 | F18: 776889.39 | G18: 794528.62 | H18: 909496.69 | I18: 1008617.8 | J18: 1080512.4
A19: Frais Publicitaires | D19: -193034.64 | E19: -327591.49 | F19: -354189.66 | G19: -407055.85 | H19: -445747.14 | I19: -476159 | J19: -517146.95
... A30: Frais d'Administration | D30: 487645.05 | E30: 867620.29 | F30: 973376 | G30: 1098962.7 | H30: 1223177.7 | I30: 1356123.6 | J30: 1479104.8
D31: 3192603.2 | E31: 5844891.4 | F31: 6614208.8 | G31: 7428983 | H31: 7752322.5 | I31: 8735702.4 | J31: 9612737.8
A33: Bénéfice Avant Fr. Fin. Et Amort. | D33: 4713568.2 | E33: 9989309.3 | F33: 11735346 | G33: 13082439 | H33: 15137869 | I33: 17128608 | J33: 19195401
